 Dungeon Crawl Stone Soup version 0.30-a0-557-ge2afbf3030 (webtiles) character file.

Game seed: 15746833197180519256

195 IdlyInterested the Sneak (level 5, -2/41 HPs)
             Began as a Demonspawn Gladiator on Dec 27, 2022.
             Slain by Blork the orc
             ... wielding a +0 mace
              (6 damage)
             ... on level 4 of the Dungeon.
             The game lasted 00:09:10 (2942 turns).

IdlyInterested the Sneak (Demonspawn Gladiator)     Turns: 2942, Time: 00:09:11

Health: -2/41      AC:  7    Str: 14    XL:     5   Next: 45%
Magic:  5/5        EV: 11    Int: 15    God:
Gold:   198        SH:  0    Dex: 17    Spells: 4/4 levels left

rFire   . . .      SeeInvis .    a - +0 rapier
rCold   . . .      Faith    .    (no shield)
rNeg    . . .      Spirit   .    q - +0 ring mail
rPois   .          Reflect  .    c - +0 helmet
rElec   .          Harm     .    (no cloak)
rCorr   .          Rampage  .    m - +0 pair of gloves
Will    .....                    (no boots)
Stlth   ++                       (no amulet)
HPRegen 0.26/turn                l - +6 ring of intelligence
MPRegen 0.09/turn                (no ring)

@: mighty, flying, hasted, very quick
A: claws 1, powered by death 1
a: no special abilities


You were on level 4 of the Dungeon.
You visited 1 branch of the dungeon, and saw 5 of its levels.

You collected 198 gold pieces.

Inventory:

Hand Weapons
 a - a +0 rapier (weapon)
Missiles
 d - 3 throwing nets
 e - a javelin
 f - 48 stones (quivered)
 k - a poisoned dart
 o - 8 boomerangs
Armour
 b - a +0 leather armour
 c - a +0 helmet (worn)
 m - a +0 pair of gloves (worn)
 q - a +0 ring mail (worn)
Jewellery
 l - a +6 ring of intelligence (left hand)
Scrolls
 s - a scroll of immolation
Potions
 h - a potion of haste
 i - 2 potions of flight
 j - a potion of magic
 n - a potion of curing
 p - a potion of attraction


   Skills:
 - Level 3.0 Fighting
 + Level 3.1 Short Blades
 - Level 2.0 Throwing
 * Level 2.3 Armour
 - Level 2.6 Dodging
 * Level 3.2 Stealth


You had 4 spell levels left.
You didn't know any spells.
Your spell library was empty.

Dungeon Overview and Level Annotations

Branches:
Dungeon (5/15)
 Temple: D:4-7

Altars:
Ashenzari
Uskayaw
Wu Jian

Annotations:
D:4 1 runed translucent door, Blork the orc


Innate Abilities, Weirdness & Mutations

You have sharp fingernails.
You regenerate a little health from kills.


Message History

You hear a shout!
You hit the orc.
The orc is severely wounded.
The grasping roots constrict you.
The grasping roots release their grip on you.
You hit the orc.
You kill the orc!
Blork the orc screams, "Die!"
You hit Blork the orc but do no damage.
Blork the orc screams, "I'm much stronger than you!"
Blork the orc zaps a wand.
The roots erupt in riotous growth!
The grasping roots grab you!
Blork the orc is unaffected.
The grasping roots constrict you.
You hear an angry hiss.
You hear a shout! x2; You hear a bark!
You feel very mighty all of a sudden.
Blork the orc hits you but does no damage.
The grasping roots constrict you.
You hit Blork the orc.
Blork the orc is lightly wounded.
Blork the orc hits you with a +0 mace!
* * * LOW HITPOINT WARNING * * *
The grasping roots constrict you.
* * * LOW HITPOINT WARNING * * *
The grasping roots release their grip on you.
You closely miss Blork the orc.
Blork the orc is lightly wounded.
Blork the orc hits you with a +0 mace.
* * * LOW HITPOINT WARNING * * *
It was a potion of flight.
You feel very buoyant.
You fly up into the air.
Blork the orc closely misses you.
A hobgoblin comes into view.
It was a potion of haste.
You feel yourself speed up. Blork the orc hits you with a +0 mace.
* * * LOW HITPOINT WARNING * * *
The ogre misses you.
You puncture Blork the orc!
Blork the orc is heavily wounded.
Blork the orc hits you with a +0 mace.
You die...

##.....l.#
.#............###
. #....
#.O.......
#.#.... #.?.....#
.#.g...##.....<.#
#.......#.......#
#.......####.####
#....(..####.##
#(....)oo@O...#
.#$....#####..#
#.#.... # #....
#.#... .. ?#.. .
.##.! .. .#.


You could see Blork the orc, an ogre, an orc and a hobgoblin.

Vanquished Creatures
  A necrophage (D:3)
  An orc priest (D:4)
  An adder (D:3)
  3 dart slugs
  5 orcs
  9 endoplasms
  2 giant cockroaches
  5 hobgoblins
  11 jackals
  A quokka (D:2)
  9 ball pythons
  4 bats
  6 goblins
  10 kobolds
  8 rats
76 creatures vanquished.

Notes
Turn   | Place    | Note
-------+----------+-------------------------------------------
     0 | D:1      | IdlyInterested the Demonspawn Gladiator began the quest for
                  | the Orb.
     0 | D:1      | Reached XP level 1. HP: 16/16 MP: 1/1
    94 | D:1      | Reached skill level 1 in Stealth
    94 | D:1      | Gained mutation: You regenerate a little health from kills.
                  | [demonic ancestry]
    94 | D:1      | Reached XP level 2. HP: 12/22 MP: 2/2
   166 | D:1      | Found a faded altar of an unknown god.
   166 | D:1      | Noticed an orange demon
   435 | D:1      | Reached XP level 3. HP: 27/28 MP: 3/3
  1234 | D:2      | Reached skill level 1 in Armour
  1780 | D:3      | Gained mutation: You have sharp fingernails. [demonic
                  | ancestry]
  1780 | D:3      | Reached XP level 4. HP: 34/34 MP: 4/4
  2300 | D:3      | Found an ornate altar of the Wu Jian Council.
  2340 | D:3      | Noticed a necrophage
  2356 | D:3      | Killed a necrophage
  2357 | D:3      | Reached XP level 5. HP: 24/41 MP: 5/5
  2442 | D:3      | Found a hide-covered altar of Uskayaw.
  2444 | D:3      | Found a broken altar of Ashenzari.
  2820 | D:4      | Noticed an ogre
  2820 | D:4      | You fall into a shaft and drop 1 floor!
  2820 | D:5      | Entered Level 5 of the Dungeon
  2863 | D:4      | Found a runed translucent door.
  2922 | D:4      | Noticed Blork the orc
  2942 | D:4      | Slain by Blork the orc

Illustrated notes

Levels and vault maps discovered:
D:1:      spicycebolla_arrival_xxxplode, layout_rooms,
          dreamdust_ecumenical_altar_sealed_demon, hangedman_decor_riveting
D:2:      layout_basic, minmay_distorted
D:3:      layout_loops_corners, pdpol_wu_jian_five_deadly_venoms,
          grunt_temple_overflow_open, st_stairs_11
D:4:      layout_loops_ring, minmay_temple_entry_mist,
          ebering_ghost_reflecting_pool, minmay_misc_feat_secret_circle,
          uniq_natasha, uniq_blork_the_orc, uniq_sigmund, uniq_menkaure
D:5:      nicolae_cairo_tiling, layout_loops_ring

Skill      XL: |  1  2  3  4  5 |
---------------+----------------+-----
Short Blades   | 3 |  3.1
Stealth        | 1 2 3 |  3.2
Armour         | 1 2 |  2.3
Throwing       | 2 |  2.0
Fighting       | 3 |  3.0
Dodging        | |  2.6

Action                   |  1- 3 |  4- 6 || total
-------------------------+-------+-------++-------
Melee: Rapier            |   165 |    80 ||   245
       Punch             |     1 |     1 ||     2
Throw: Dart              |       |     3 ||     3
  Use: Scroll            |     6 |     3 ||     9
       Potion            |       |     3 ||     3
 Stab: Sleeping          |     3 |     1 ||     4
Armor: Leather armour    |    57 |     2 ||    59
       Ring mail         |       |    20 ||    20
Dodge: Dodged            |   123 |    46 ||   169

Table legend: (Time is in decaauts)
 A = Elapsed time spent in this place.
 B = Non-inter-level travel time spent in this place.
 C = Inter-level travel time spent in this place.
 D = Time resting spent in this place.
 E = Time spent auto-exploring this place.
 F = Levels seen in this place.
 G = Mean time per level.
                   A        B        C        D        E       F      G
               +--------+--------+--------+--------+--------+-----+--------+
         Total |   2953 |   2656 |    297 |    297 |   1598 |   5 |  590.6 |
       Dungeon |   2953 |   2656 |    297 |    297 |   1598 |   5 |  590.6 |
               +--------+--------+--------+--------+--------+-----+--------+

Top non-repeatable levels by time:
     D:3: 1095 daAuts
     D:2: 988 daAuts
     D:1: 791 daAuts
     D:4: 68 daAuts
     D:5: 9 daAuts
